 Dungeon Crawl Stone Soup version 0.28-a0-909-g796cbd3a86 (webtiles) character file.

Game seed: 16807571566733194173

121 devnull the Skirmisher (level 4, 0/41 HPs)
             Began as a Minotaur Abyssal Knight on Nov 24, 2021.
             Was a Follower of Lugonu.
             Slain by Natasha (2 damage)
             ... on level 3 of the Dungeon.
             The game lasted 00:05:55 (3083 turns).

devnull the Skirmisher (Minotaur Abyssal Knight)    Turns: 3083, Time: 00:05:56

Health: 0/41       AC:  6    Str: 16 (18) XL:     4   Next: 77%
Magic:  5/5        EV:  7    Int:  6 (7)  God:    Lugonu [*.....]
Gold:   157        SH:  7    Dex: 10 (11) Spells: 3/3 levels left

rFire   . . .      SeeInvis .   a - +1 hand axe
rCold   . . .      Faith    .   c - +0 kite shield
rNeg    . . .      Spirit   .   h - +0 scale mail
rPois   .          Reflect  .   (helmet restricted)
rElec   .          Harm     .   (no cloak)
rCorr   .          Rampage  .   (no gloves)
Will    .....                   (no boots)
Stlth   ..........              (no amulet)
HPRegen 0.13/turn               (no ring)
MPRegen 0.09/turn               (no ring)

@: brilliant, attractive, slowed, very slow
A: horns 2, retaliatory headbutt
a: Renounce Religion, Depart the Abyss


You were on level 3 of the Dungeon.
You worshipped Lugonu.
Lugonu was aware of your devotion.
You visited 1 branch of the dungeon, and saw 3 of its levels.
You visited the Abyss 1 time.

You collected 157 gold pieces.

Inventory:

Hand Weapons
 a - a +1 hand axe (weapon)
Missiles
 e - 2 boomerangs
Armour
 c - a +0 kite shield (worn)
 h - a +0 scale mail (worn)
Scrolls
 d - a scroll of holy word {unknown}
 f - a scroll of teleportation {unknown}
 i - a scroll of amnesia {unknown}
 k - a scroll of immolation {unknown}
 l - a scroll of identify {unknown}
Potions
 g - a potion of attraction


   Skills:
 + Level 4.4 Fighting
 + Level 3.5 Axes
 + Level 3.4 Armour
 - Level 1.1 Dodging
 + Level 1.8 Shields
 + Level 2.7 Invocations


You had 3 spell levels left.
You didn't know any spells.
Your spell library contained the following spells:

 Spells                   Type           Power      Damage    Failure   Level
 Freeze                   Ice            0%         1d3       100%        1
 Frozen Ramparts          Ice            0%         1d2       100%        3
 Hailstorm                Conj/Ice       0%         3d3       100%        4


Dungeon Overview and Level Annotations

Branches:
Dungeon (3/15)

Altars:

Annotations:
D:3 Natasha


Innate Abilities, Weirdness & Mutations

You have a pair of horns on your head.
You reflexively headbutt those who attack you in melee.


Message History

You hit the white imp but do no damage. You barely miss the crimson imp.
You feel yourself speed up.
The crimson imp disappears in a puff of smoke!
Natasha stares at you and mumbles some strange words.
You feel yourself slow down.
The white imp sputters.
The white imp hits you. The white imp freezes you.
* * * LOW HITPOINT WARNING * * *
Natasha claws you.
* * * LOW HITPOINT WARNING * * *
The white imp gestures at you. The puff of frost hits you!
* * * LOW HITPOINT WARNING * * *
Unknown command.
Unknown command.
Unknown command.
Okay, then.
Okay, then.
Okay, then.
Okay, then.
Unknown command.
Unknown command.
Okay, then.
Okay, then.
Unknown command.
It was a potion of attraction.
You feel attractive to monsters. Natasha claws you but does no damage.
The white imp barely misses you. Natasha closely misses you.
It was a potion of degeneration.
There was something very wrong with that liquid.
You feel weakened.
You feel dopey.
You feel clumsy. The white imp barely misses you. You block Natasha's attack.
The white imp hits you but does no damage.
It was a potion of brilliance.
You feel clever all of a sudden.
Natasha mewls in sadness.
You block Natasha's attack. You block the white imp's attack.
Natasha claws you.
You die...

# ##.# ... #
########.#..#
#...$.5[....#
#.#..h@#.#.##
#.#### # #


You could see Natasha and a white imp (summoned).

Vanquished Creatures
  7 gnolls
  An adder (D:2)
  A worm (D:2)
  2 dart slugs (D:1)
  2 orcs
  3 endoplasms
  A giant cockroach (D:1)
  4 hobgoblins
  2 quokkas (D:1)
  A ball python (D:1)
  2 bats (D:1)
  6 frilled lizards
  5 goblins
  2 kobolds
  A rat (D:1)
40 creatures vanquished.

Notes
Turn   | Place    | Note
-------+----------+-------------------------------------------
     0 | Abyss:1  | devnull the Minotaur Abyssal Knight began the quest for the
                  | Orb.
     0 | Abyss:1  | Reached XP level 1. HP: 19/19 MP: 1/1
   103 | Abyss:1  | Found a corrupted altar of Lugonu.
   111 | Abyss:1  | Noticed a ynoxinul
   113 | Abyss:1  | Noticed a large abomination
   160 | Abyss:2  | Noticed a wretched star
   177 | Abyss:2  | Noticed a lich
   187 | Abyss:2  | Noticed a small abomination
   195 | Abyss:2  | Noticed a large abomination
   197 | Abyss:2  | Noticed a harpy zombie
   200 | D:1      | Escaped the Abyss
   267 | D:1      | Noticed an electric eel
   530 | D:1      | Reached XP level 2. HP: 17/27 MP: 2/2
  1377 | D:2      | Reached * piety under Lugonu
  1378 | D:2      | Reached skill level 4 in Fighting
  1797 | D:1      | Reached XP level 3. HP: 26/33 MP: 3/3
  1868 | D:2      | Reached skill level 1 in Shields
  2357 | D:2      | Reached XP level 4. HP: 40/40 MP: 4/4
  3015 | D:3      | Noticed Natasha
  3080 | D:3      | HP: 1/41 [white imp/puff of frost[Natasha] (7)]
  3083 | D:3      | Slain by Natasha

Illustrated notes

Levels and vault maps discovered:
D:1:      arrival_aquarium_a, layout_loops_corners
D:2:      layout_basic
D:3:      layout_basic, uniq_crazy_yiuf_cottage, uniq_robin, uniq_natasha

Skill      XL: |  1  2  3 |
---------------+----------+-----
Invocations    | 2 |  2.7
Fighting       | 4 |  4.4
Axes           | 3 |  3.5
Armour         | 3 |  3.4
Shields        | 1 |  1.8
Dodging        | |  1.1

Action                   |  1- 3 |  4- 6 || total
-------------------------+-------+-------++-------
Melee: Hand axe          |    74 |    48 ||   122
       Headbutt          |     9 |     6 ||    15
Invok: Depart the Abyss  |     1 |       ||     1
  Use: Potion            |       |     3 ||     3
Armor: Leather armour    |     6 |       ||     6
       Scale mail        |    33 |    22 ||    55
Dodge: Dodged            |    25 |    27 ||    52
Block: Kite shield       |    34 |    24 ||    58

Table legend: (Time is in decaauts)
 A = Elapsed time spent in this place.
 B = Non-inter-level travel time spent in this place.
 C = Inter-level travel time spent in this place.
 D = Time resting spent in this place.
 E = Time spent auto-exploring this place.
 F = Levels seen in this place.
 G = Mean time per level.
                   A        B        C        D        E       F      G
               +--------+--------+--------+--------+--------+-----+--------+
         Total |   3147 |   3037 |    110 |    835 |   1666 |   5 |  629.4 |
       Dungeon |   2947 |   2837 |    110 |    835 |   1622 |   3 |  982.3 |
         Abyss |    199 |    199 |      0 |      0 |     44 |   2 |   99.5 |
               +--------+--------+--------+--------+--------+-----+--------+

Top non-repeatable levels by time:
     D:1: 1680 daAuts
     D:2: 1219 daAuts
 Abyss:1: 119 daAuts
 Abyss:2: 80 daAuts
     D:3: 48 daAuts
